 Dungeon Crawl Stone Soup version 0.30-a0-596-g0af90f9a20 (webtiles) character file.

Game seed: 18146436274120402537

107 bande the Trooper (level 4, -2/29 HPs)
             Began as a Gargoyle Fighter on Jan 7, 2023.
             Slain by Terence
             ... wielding a +0 flail
              (10 damage)
             ... on level 3 of the Dungeon.
             The game lasted 00:03:43 (1972 turns).

bande the Trooper (Gargoyle Fighter)                Turns: 1972, Time: 00:03:43

Health: -2/29      AC: 10    Str: 19    XL:     4   Next: 86%
Magic:  4/4        EV:  8    Int:  9    God:
Gold:   183        SH:  8    Dex: 11    Spells: 3/3 levels left

rFire   . . .      SeeInvis .    a - +0 war axe
rCold   . . .      Faith    .    o - +0 kite shield
rNeg    + . .      Spirit   .    b - +0 scale mail
rPois   ∞          Reflect  .    (no helmet)
rElec   +          Harm     .    (no cloak)
rCorr   .          Rampage  .    (no gloves)
Will    .....                    (no boots) Stlth
                                 (no amulet)
HPRegen 0.24/turn                (no ring)
MPRegen 0.09/turn                (no ring)

@: no status effects
A: sickness immunity, AC +3, negative energy resistance 1, electricity
resistance, torment resistance 1, petrification resistance
a: no special abilities


You were on level 3 of the Dungeon.
You visited 1 branch of the dungeon, and saw 3 of its levels.

You collected 183 gold pieces.

Inventory:

Hand Weapons
 a - a +0 war axe (weapon)
Armour
 b - a +0 scale mail (worn)
 o - a +0 kite shield (worn)
Jewellery
 m - a ring of wizardry
Scrolls
 c - a scroll of blinking
 g - 2 scrolls of identify
 j - 2 scrolls of teleportation
 l - a scroll of acquirement {unknown}
Potions
 d - a potion of might
 e - a potion of heal wounds {unknown}
 f - a potion of mutation
 h - a potion of curing
 i - a potion of invisibility {unknown}
 k - a potion of flight {unknown}


   Skills:
 + Level 4.0 Fighting
 + Level 3.2 Axes
 + Level 3.9 Armour
 - Level 0.2 Dodging
 + Level 3.6 Shields


You had 3 spell levels left.
You didn't know any spells.
Your spell library contained the following spells:

 Spells                   Type           Power      Damage    Failure   Level
 Wereblood                Tmut           0%         N/A       99%         2
 Summon Hydra             Summ           0%         N/A       100%        7
 Sublimation of Blood     Necr           Unusable   N/A       N/A         2

Dungeon Overview and Level Annotations

Branches:
Dungeon (3/15)

Altars:

Annotations:
D:3 Terence


Innate Abilities, Weirdness & Mutations

You are immune to sickness and miasma.
Your stone body is resilient. (AC +3)
You are immune to poison.
You resist negative energy. (rN+)
You are resistant to electric shocks. (rElec)
You are resistant to unholy torment.
You are immune to petrification.


Message History

m - a ring of wizardry Terence the Incautious comes into view.
He is wielding a +0 flail.
Terence shouts!
Terence is nearby!
You barely miss Terence. Terence hits you with a +0 flail. x2
You closely miss Terence. Terence closely misses you.
You slash Terence!
Terence is moderately wounded.
Terence hits you with a +0 flail. Terence barely misses you.
You barely miss Terence.
Terence is moderately wounded.
Terence barely misses you.
You barely miss Terence.
Terence is moderately wounded.
Terence completely misses you. Terence barely misses you.
You hit Terence but do no damage.
Terence is moderately wounded.
Terence looks scornfully at you. You block Terence's attack.
You barely miss Terence.
Terence is moderately wounded.
Terence hits you with a +0 flail! x2
* * * LOW HITPOINT WARNING * * *
You are too injured to fight recklessly!
You are too injured to fight recklessly!
You are too injured to fight recklessly!
You are too injured to fight recklessly!
You are too injured to fight recklessly!
You are too injured to fight recklessly!
You are too injured to fight recklessly!
You are too injured to fight recklessly!
You are too injured to fight recklessly!
You are too injured to fight recklessly!
You are too injured to fight recklessly!
You are too injured to fight recklessly!
You are too injured to fight recklessly!
You barely miss Terence.
Terence is moderately wounded.
Terence hits you with a +0 flail!
You die...

#....≈≈≈≈######..###
########## #..# ##
#..###...# #.....<#
#######.#####
#...†....#
#.#####..#
###.#####..####
......@@......#
###.#####..#### ...#
....# ....## ##.##
#.# ### .# #.# #.#


You could see Terence.

Vanquished Creatures
  5 adders
  A dart slug (D:2)
  An orc (D:3)
  3 ball pythons
  5 endoplasms
  3 giant cockroaches
  3 goblins
  9 hobgoblins
  4 jackals (D:1)
  4 quokkas
  5 bats
  4 frilled lizards
  5 kobolds
  2 rats
54 creatures vanquished.

Vanquished Creatures (others)
  A plant (D:1)
1 creature vanquished.

Grand Total: 55 creatures vanquished

Notes
Turn   | Place    | Note
-------+----------+-------------------------------------------
     0 | D:1      | bande the Gargoyle Fighter began the quest for the Orb.
     0 | D:1      | Reached XP level 1. HP: 14/14 MP: 1/1
   105 | D:1      | Reached XP level 2. HP: 19/19 MP: 2/2
   320 | D:1      | Reached XP level 3. HP: 24/24 MP: 3/3
  1038 | D:2      | Reached XP level 4. HP: 29/29 MP: 4/4
  1699 | D:3      | Reached skill level 4 in Fighting
  1837 | D:3      | Found a faded altar of an unknown god.
  1962 | D:3      | Noticed Terence
  1972 | D:3      | Slain by Terence

Illustrated notes

Levels and vault maps discovered:
D:1:      sevenhm_arrival_forest_fort_large_4, layout_loops_ring,
          serial_bayou_pond_e
D:2:      layout_basic
D:3:      layout_loops_corners, nicolae_ecumenical_lake_church,
          corexii_hall_statues_u, dreamdust_wishing_well, uniq_terence

Skill      XL: |  1  2  3  4 |
---------------+-------------+-----
Axes           | 2 3 |  3.2
Fighting       | 4 |  4.0
Armour         | |  3.9
Dodging        | |  0.2
Shields        | |  3.6

Action                   |  1- 3 |  4- 6 || total
-------------------------+-------+-------++-------
Melee: War axe           |   107 |    78 ||   185
  Use: Scroll            |       |     8 ||     8
Armor: Scale mail        |    67 |    45 ||   112
Dodge: Dodged            |    66 |    43 ||   109
Block: Buckler           |    16 |     9 ||    25
       Kite shield       |       |    28 ||    28

Table legend: (Time is in decaauts)
 A = Elapsed time spent in this place.
 B = Non-inter-level travel time spent in this place.
 C = Inter-level travel time spent in this place.
 D = Time resting spent in this place.
 E = Time spent auto-exploring this place.
 F = Levels seen in this place.
 G = Mean time per level.
                   A        B        C        D        E       F      G
               +--------+--------+--------+--------+--------+-----+--------+
         Total |   2056 |   1997 |     59 |      0 |   1480 |   3 |  685.3 |
       Dungeon |   2056 |   1997 |     59 |      0 |   1480 |   3 |  685.3 |
               +--------+--------+--------+--------+--------+-----+--------+

Top non-repeatable levels by time:
     D:1: 951 daAuts
     D:3: 556 daAuts
     D:2: 548 daAuts
